 Dungeon Crawl Stone Soup version 0.27.1-4-g1640c2035a (webtiles) character file.

Game seed: 1980125523312325997

119 pkoi the Shield-Bearer (level 4, 0/39 HPs)
             Began as a Minotaur Fighter on Nov 9, 2021.
             Succumbed to an orc wizard's poison
             ... on level 3 of the Dungeon.
             The game lasted 00:01:54 (1902 turns).

pkoi the Shield-Bearer (Minotaur Fighter)           Turns: 1902, Time: 00:01:55

Health: 0/39       AC:  8    Str: 21    XL:     4   Next: 74%
Magic:  3/3        EV:  7    Int:  5    God:
Gold:   164        SH: 14    Dex: 10    Spells: 3/3 levels left

rFire    . . .     SeeInvis .   a - +0 long sword
rCold    . . .     Faith    .   c - +0 kite shield
rNeg     . . .     Spirit   .   b - +0 scale mail
rPois    +         Reflect  .   (helmet restricted)
rElec    .         Harm     .   (no cloak)
rCorr    .         Rampage  .   (no gloves)
Will     .....                  (no boots)
Stlth    ..........             (no amulet)
HPRegen  0.13/turn              (no ring)
MPRegen  0.08/turn              (no ring)

@: lethally poisoned (0 -> -5)
A: horns 2, retaliatory headbutt, iridescent scales 1, large bone plates 1,
poison resistance, inability to read while threatened
a: no special abilities


You were on level 3 of the Dungeon.
You visited 1 branch of the dungeon, and saw 3 of its levels.

You collected 164 gold pieces.

Inventory:

Hand Weapons
 a - a +0 long sword (weapon)
Armour
 b - a +0 scale mail (worn)
 c - a +0 kite shield (worn)
Scrolls
 e - a scroll of noise {unknown}
 f - a scroll of enchant armour {unknown}
 g - 3 scrolls of identify {unknown}
 i - 2 scrolls of magic mapping {unknown}
 k - a scroll of vulnerability {unknown}
 l - a scroll of teleportation {unknown}
Potions
 d - a potion of might


   Skills:
 - Level 3.6 Fighting
 + Level 4.6 Long Blades
 - Level 3.6 Armour
 + Level 5.4 Shields


You had 3 spell levels left.
You didn't know any spells.
Your spell library contained the following spells:

 Spells                   Type           Power      Damage    Failure   Level
 Corpse Rot               Necr/Air       N/A        N/A       100%        2
 Poisonous Vapours        Pois/Air       0%         N/A       100%        2
 Freezing Cloud           Conj/Ice/Air   0%         6-21      100%        5


Dungeon Overview and Level Annotations

Branches:
Dungeon (3/15)

Altars:


Innate Abilities, Weirdness & Mutations

You have a pair of horns on your head.
You reflexively headbutt those who attack you in melee.
You are partially covered in iridescent scales. (AC +2)
You are partially covered in large bone plates. (SH +4)
Your system is resistant to poisons. (rPois)
You sometimes lose the ability to read scrolls when taking damage.


Message History

* * * LOW HITPOINT WARNING * * *
You are more poisoned.
Something hits you.
* * * LOW HITPOINT WARNING * * *
You are more poisoned.
Unknown command.
It was a potion of mutation.
You feel extremely strange.
You feel agile.
You lose the ability to read scrolls when threatened.
You feel nature experimenting on you.
Don't worry, failures die fast.
* * * LOW HITPOINT WARNING * * *
You feel very sick. Something hits you but does no damage.
You are more poisoned.
Unknown command.
It was a potion of curing.
You feel better. Something hits you.
You feel threatened and lose the ability to read scrolls!
* * * LOW HITPOINT WARNING * * *
You are lethally poisoned!
You can read scrolls again.
* * * LOW HITPOINT WARNING * * *
You feel sick.
Okay, then.
Unknown command.
Really quaff the potion of mutation?
You feel extremely strange. Nature stops experimenting on you.
You can once more read scrolls while threatened.
You feel clumsy.
You lose the ability to read scrolls when threatened.
Large bone plates grow over parts of your arms.
Iridescent scales grow over part of your body.
You feel resistant to poisons.
* * * LOW HITPOINT WARNING * * *
You feel sick.
Unknown command.
Unknown command.
* * * LOW HITPOINT WARNING * * *
You feel sick. You block something's attack.
You die...

.# .# .# #### †#
############... .#
...........#.# .#
##########......#####
.####........#.....[.....
...†)....................
.####...........@..#####
.# #.........###.## .#
#.........# #.# .#
#.........# #o# .#
#.........# #o# .#
#.........# #.###### .
#########.# #......# .#
#......# # #......#


You could see 2 orcs.

Vanquished Creatures
  Jessica (D:2)
  2 adders (D:2)
  2 worms (D:2)
  2 dart slugs (D:2)
  2 orcs (D:3)
  3 bats
  3 endoplasms
  A giant cockroach (D:2)
  3 hobgoblins
  9 jackals
  3 quokkas
  3 ball pythons
  5 frilled lizards
  5 goblins (D:1)
  9 kobolds
  9 rats
62 creatures vanquished.

Notes
Turn   | Place    | Note
-------+----------+-------------------------------------------
     0 | D:1      | pkoi the Minotaur Fighter began the quest for the Orb.
     0 | D:1      | Reached XP level 1. HP: 19/19 MP: 0/0
   126 | D:1      | Reached skill level 4 in Shields
   126 | D:1      | Reached XP level 2. HP: 26/26 MP: 1/1
   879 | D:2      | Reached XP level 3. HP: 13/31 MP: 2/2
  1184 | D:2      | Noticed Jessica
  1219 | D:2      | Killed Jessica
  1220 | D:2      | Reached skill level 5 in Shields
  1220 | D:2      | Reached XP level 4. HP: 35/39 MP: 3/3
  1434 | D:2      | Found a faded altar of an unknown god.
  1897 | D:3      | Gained mutation: You are agile. (Dex +2) [potion of
                  | mutation]
  1897 | D:3      | Gained mutation: You sometimes lose the ability to read
                  | scrolls when taking damage. [potion of mutation]
  1897 | D:3      | Gained mutation: You evolve. [potion of mutation]
  1897 | D:3      | HP: 1/39 [poisoned by an orc wizard]
  1900 | D:3      | Lost mutation: You evolve. [potion of mutation]
  1900 | D:3      | Lost mutation: You sometimes lose the ability to read
                  | scrolls when taking damage. [potion of mutation]
  1900 | D:3      | Lost mutation: You are agile. (Dex +2) [potion of mutation]
  1900 | D:3      | Gained mutation: You sometimes lose the ability to read
                  | scrolls when taking damage. [potion of mutation]
  1900 | D:3      | Gained mutation: You are partially covered in large bone
                  | plates. (SH +4) [potion of mutation]
  1900 | D:3      | Gained mutation: You are partially covered in iridescent
                  | scales. (AC +2) [potion of mutation]
  1900 | D:3      | Gained mutation: Your system is resistant to poisons.
                  | (rPois) [potion of mutation]
  1902 | D:3      | Succumbed to an orc wizard's poison

Illustrated notes

Levels and vault maps discovered:
D:1:      shiori_arrival_elements, layout_basic, minivault_11
D:2:      minmay_evil_eye, layout_rooms, basic_ecumenical_altar,
          minmay_rat_gold_closets, uniq_jessica
D:3:      layout_basic, mainiacjoe_overflow_swirl

Skill      XL: |  1  2  3 |
---------------+----------+-----
Shields        | 4 5 |  5.4
Long Blades    | 3 4 |  4.6
Fighting       | |  3.6
Armour         | |  3.6

Action                   |  1- 3 |  4- 6 || total
-------------------------+-------+-------++-------
Melee: Long sword        |    84 |    61 ||   145
       Headbutt          |    10 |    15 ||    25
  Use: Potion            |       |     3 ||     3
Armor: Scale mail        |    40 |    25 ||    65
Dodge: Dodged            |    39 |    13 ||    52
Block: Kite shield       |    57 |    26 ||    83
       Rpst.: Long sword |    12 |     1 ||    13
